 Dungeon Crawl Stone Soup version 0.30-b1-2-g02819fbbbe (webtiles) character file.

Game seed: 12907384895785856575

31 nightchill the Covered (level 3, 33/33 HPs)
             Began as an Armataur Fighter on Jan 5, 2024.
             Was a High Priest of Ignis.
             Quit the game on level 2 of the Dungeon.
             The game lasted 00:01:39 (783 turns).

nightchill the Covered (Armataur Fighter)            Turns: 783, Time: 00:01:39

Health: 33/33      AC:  6    Str: 23    XL:     3   Next: 7%
Magic:  3/3        EV:  7    Int:  8    God:    Ignis [*****.]
Gold:   23         SH:  4    Dex:  9    Spells: 2/2 levels left

rFire   + . .        a - +0 flail
rCold   . . .        c - +0 buckler
rNeg    . . .        b - +0 scale mail
rPois   .            (no helmet)
rElec   .            (no cloak)
rCorr   .            (no gloves)
SInv    .            (no barding)
Will    .....        (no amulet) Stlth
                     (no ring)
HPRegen 0.25/turn    (no ring)
MPRegen 0.08/turn

%: roll
@: no status effects
A: large, rugged brown scales 3, deformed body, armoured tail, roll, long
tongue, awkward tongue
a: Renounce Religion, Fiery Armour, Foxfire Swarm, Rising Flame


You were on level 2 of the Dungeon.
You worshipped Ignis.
Ignis was extremely pleased with you.
You visited 1 branch of the dungeon, and saw 2 of its levels.

You collected 23 gold pieces.

Inventory:

Hand Weapons
 a - a +0 flail (weapon)
Armour
 b - a +0 scale mail (worn)
 c - a +0 buckler (worn)
Jewellery
 i - an amulet of regeneration
 l - a ring of resist corrosion
Scrolls
 f - a scroll of enchant weapon {unknown}
 h - a scroll of identify {unknown}
 j - a scroll of teleportation {unknown}
 k - a scroll of fog {unknown}
 n - a scroll of vulnerability {unknown}
Potions
 d - a potion of might
 e - 2 potions of curing {unknown}
 g - a potion of flight {unknown}
 m - a potion of heal wounds {unknown}


   Skills:
 + Level 3.1 Fighting
 * Level 2.9 Maces & Flails
 - Level 3.6 Armour
 - Level 3.2 Shields


You had 2 spell levels left.
You didn't know any spells.
Your spell library contained the following spells:

 Spells                   Type           Power      Damage    Failure   Level
 Alistair's Intoxication  Tmut/Pois      0%         N/A       100%        5
 Borgnjor's Vile Clutch   Necr/Erth      0%         N/A       100%        5
 Eringya's Noxious Bog    Tmut/Pois      0%         N/A       100%        6


Dungeon Overview and Level Annotations

Branches:
Dungeon (2/15)

Altars:
Ignis


Innate Abilities, Weirdness & Mutations

You are completely covered in rugged brown scales. (AC +3, +7% HP)
Armour fits poorly on your strangely shaped body.
You have a long armoured tail.
You roll when moving toward enemies. (Rampage)
Your long tongue fully drains potion bottles. (2x potion effects)
Your tongue gives you trouble enunciating. (1.5x scroll delay)


Message History

A quokka is nearby!
A quokka is nearby!
An endoplasm and a kobold come into view.
The endoplasm quivers.
Found a stone staircase leading up.
You closely miss the quokka. You tail-slap the quokka.
You kill the quokka!
The kobold hits you but does no damage.
A dart slug comes into view.
You barely miss the kobold. The kobold completely misses you.
You barely miss the kobold. The kobold hits you but does no damage.
The endoplasm hits you but does no damage.
You hit the kobold.
You kill the kobold!
The endoplasm freezes you.
You are frozen.
The endoplasm freezes you.
You are frozen.
You hit the endoplasm but do no damage. You tail-slap the endoplasm.
You kill the endoplasm!
You have reached level 3!
Your experience leads to an increase in your attributes!
Increase (s)trength, (i)ntelligence, or (d)exterity?
You feel stronger. x2
A dart slug is nearby!
A dart slug is nearby!
You roll towards the dart slug!
The dart slug bites you.
You hit the dart slug.
The dart slug is moderately wounded.
The dart slug launches a dart at you.
The slug dart hits you but does no damage.
You hit the dart slug.
The dart slug is moderately wounded.
The dart slug bites you but does no damage.
You sock the dart slug!
You kill the dart slug!
You see here a dart slug corpse.
HP restored.
A hobgoblin comes into view.
Are you sure you want to abandon this character and quit the game? (Confirm with "yes".)

#. #. ###. #... #...
#... #...#####
#...@...#
#..g###.#############
#... #..............
#... ########.......
#### #.......
#....... #.......
#....... ####.......


You could see a hobgoblin.

Vanquished Creatures
  A dart slug (D:2)
  4 endoplasms
  2 giant cockroaches (D:1)
  A goblin (D:1)
  2 hobgoblins (D:1)
  5 kobolds
  3 quokkas
  2 ball pythons (D:1)
  2 bats (D:1)
  4 rats (D:1)
26 creatures vanquished.

Notes
Turn   | Place    | Note
-------+----------+-------------------------------------------
     0 | D:1      | nightchill the Armataur Fighter began the quest for the
                  | Orb.
     0 | D:1      | Reached XP level 1. HP: 19/19 MP: 1/1
   165 | D:1      | Reached XP level 2. HP: 25/26 MP: 2/2
   349 | D:1      | Found a faded altar of an unknown god.
   359 | D:1      | Prayed at the altar of an unknown god.
   359 | D:1      | Became a worshipper of Ignis, the Dying Flame
   739 | D:2      | Reached XP level 3. HP: 27/33 MP: 3/3
   783 | D:2      | Quit the game

Illustrated notes

Levels and vault maps discovered:
D:1:      heliophobic_arrival_henge, layout_loops_cross, basic_ecumenical_altar,
          patterned_corridor
D:2:      layout_basic, serial_corexii_hall, corexii_hall_statues_u,
          corexii_hall_statues_deadend

Skill      XL: |  1  2 |
---------------+-------+-----
Maces & Flails | 2 |  2.9
Fighting       | 3 |  3.1
Armour         | |  3.6
Shields        | |  3.2

Action                     || total
---------------------------++-------
  Melee: Flail             ||    78
         Tailslap          ||     7
 Armour: Scale mail        ||    43
  Dodge: Dodged            ||    29
  Block: Buckler           ||    12
